 Dungeon Crawl Stone Soup version 0.27.0-1-g7a089689b8 (webtiles) character file.

Game seed: 5357238105107769915

53 sanka the Grave Robber (level 3, -2/16 HPs)
             Began as a Felid Necromancer on Aug 4, 2021.
             Slain by a quokka (4 damage)
             ... on level 2 of the Dungeon.
             The game lasted 00:03:55 (2807 turns).

sanka the Grave Robber (Felid Necromancer)          Turns: 2807, Time: 00:03:56

Health: -2/16      AC:  1    Str:  4    XL:     3   Next: 62%
Magic:  7/7        EV: 18    Int: 16    God:
Gold:   72         SH:  0    Dex: 17    Spells: 5/6 levels left
                                        Lives:  0   Deaths: 0

rFire    . . .     SeeInvis +     - Unarmed
rCold    . . .     Faith    .   (shield unavailable)
rNeg     . . .     Spirit   .   (armour unavailable)
rPois    .         Reflect  .   (helmet unavailable)
rElec    .         Harm     .   (cloak unavailable)
rCorr    .         Rampage  .   (gloves unavailable)
Will     .....                  (boots unavailable)
Stlth    ++........             (no amulet)
HPRegen  0.05/turn              (no ring)
MPRegen  0.10/turn              (no ring)

@: quick
A: very small, claws 1, fangs 3, see invisible, speed 1, shaggy fur 1, stealthy
paws, no weapons or thrown items, no armour, multi-lived
a: no special abilities


You were on level 2 of the Dungeon.
You visited 1 branch of the dungeon, and saw 3 of its levels.

You collected 72 gold pieces.


Innate Abilities, Weirdness & Mutations

You have sharp claws.
You have razor-sharp teeth.
You have supernaturally acute eyesight. (SInv)
You cover ground quickly. (Speed+)
You are covered in fur. (AC +1)
Your paws help you pounce on unaware monsters.
You are incapable of wielding weapons or throwing items.
You cannot wear armour.
You gain extra lives every three experience levels.


   Skills:
 + Level 1.7 Fighting
 + Level 3.7 Dodging
 - Level 2.6 Stealth
 + Level 1.7 Unarmed Combat
 - Level 2.0 Spellcasting
 - Level 4.0 Necromancy


You had 5 spell levels left.
You knew the following spells:

 Your Spells              Type           Power      Damage    Failure   Level
z - Pain                  Necr           56%        1d6       4%          1

Your spell library contained the following spells:

 Spells                   Type           Power      Damage    Failure   Level
 Animate Skeleton         Necr           28%        N/A       4%          1
 Vampiric Draining        Necr           7%         2d7       12%         3
 Animate Dead             Necr           7%         N/A       36%         4
 Frozen Ramparts          Ice            2%         1d2       52%         3
 Agony                    Necr           14%        N/A       73%         5
 Hailstorm                Conj/Ice       1%         3d3       90%         4
 Metabolic Englaciation   Hex/Ice        0%         N/A       99%         5
 Statue Form              Tmut/Erth      0%         N/A       100%        6

Inventory:

Scrolls
 a - a scroll of teleportation {unknown}
 b - a scroll of torment {unknown}
 c - a scroll of silence {unknown}
 d - a scroll of fear {unknown}
 e - a scroll of enchant armour {unknown}
Potions
 f - a potion of cancellation {unknown}

Dungeon Overview and Level Annotations

Branches:
Dungeon (3/15)

Altars:
Zin

Annotations:
D:2 exclusion: 2 gnolls, Sigmund

▒▒▒▒ ...▒▒▒▒▒ .......▒
.....▒.▒ .......▒ ▒▒▒▒▒▒▒
.......▒▒▒▒▒▒▒▒ ▒.....▒▒
.......▒▒.....▒ ▒......▒
.....▒.▒▒.▒▒▒>▒▒▒▒▒......▒
..........▒ ▒..rh....._..▒
...▒.▒.▒▒.▒▒▒.▒▒▒▒▒......▒
.....▒.▒▒.....▒▒.........▒
.▒▒..▒.▒▒▒▒▒▒▒▒▒.▒▒.▒..▒▒▒
.▒▒.[....▒▒▒▒ ▒[▒▒.▒▒.▒
............▒ ▒.▒▒..▒.▒
▒▒▒.▒▒▒.....▒ ▒.▒▒▒.▒.▒
....▒.......▒ ▒.▒▒▒.▒.▒
▒▒▒.▒.▒.....▒ ▒.......▒


You could see a quokka.


Message History

You scratch the quokka but do no damage.
The quokka bites you.
* * * LOW HITPOINT WARNING * * *
You barely miss the quokka. The quokka completely misses you.
The quokka closely misses you.
You barely miss the quokka. The quokka misses you. The quokka misses you.
You climb upwards.
Level annotation: exclusion: 2 gnolls, Sigmund
There is a stone staircase leading down here.
You scratch the quokka.
The quokka is lightly wounded.
The quokka barely misses you.
You barely miss the quokka. You bite the quokka, but do no damage.
The quokka is lightly wounded.
The quokka misses you.
You miss the quokka. Your bite misses the quokka.
The quokka is lightly wounded.
The quokka barely misses you.
You scratch the quokka but do no damage.
The quokka is lightly wounded.
The quokka misses you.
You barely miss the quokka.
The quokka is lightly wounded.
The quokka bites you.
You die...

Action                   || total
-------------------------++-------
Melee: Unarmed           ||    94
       Bite              ||     6
 Cast: Pain              ||    16
 Stab: Sleeping          ||    10
Armor: Skin              ||     5
Dodge: Dodged            ||    67

Levels and vault maps discovered:
D:1:      dpeg_arrival_round_b, layout_rooms, moated_statue, st_stairs_9
D:2:      layout_loops_cross, basic_altar,
          chequers_ecumenical_altar_simple_redux, uniq_sigmund
D:3:      layout_rooms, uniq_grinder, uniq_robin

Notes
Turn   | Place    | Note
-------+----------+-------------------------------------------
     0 | D:1      | sanka the Felid Necromancer began the quest for the Orb.
     0 | D:1      | Reached XP level 1. HP: 7/7 MP: 4/4
   437 | D:1      | Reached skill level 3 in Dodging
   612 | D:1      | Reached XP level 2. HP: 10/12 MP: 4/6
   689 | D:1      | Reached skill level 1 in Unarmed Combat
   914 | D:1      | Reached skill level 1 in Fighting
  1472 | D:2      | Noticed Sigmund
  1475 | D:2      | Reached XP level 3. HP: 6/15 MP: 7/7
  1674 | D:2      | Found a faded altar of an unknown god.
  2255 | D:2      | Got the Papyrus of the Rocks and Snow
  2629 | D:2      | Found a glowing silver altar of Zin.
  2785 | D:3      | HP: 1/16 [quokka (3)]
  2807 | D:2      | Slain by a quokka

Vanquished Creatures
  An adder (D:2)
  2 dart slugs (D:1)
  An orc (D:3)
  4 ball pythons
  4 endoplasms
  2 giant cockroaches
  4 goblins
  2 hobgoblins (D:1)
  2 kobolds (D:2)
  3 quokkas
  5 bats
  A frilled lizard (D:2)
  4 rats
35 creatures vanquished.
